 Dungeon Crawl Stone Soup version 0.26-a0-466-g989023bd0d (webtiles) character file.

Game seed: 4431710561698003309

31 vurker the Skirmisher (level 3, -3/33 HPs)
             Began as a Minotaur Delver on Aug 11, 2020.
             Slain by an orc warrior
             ... wielding a +0 glaive
              (16 damage)
             ... on level 6 of the Dungeon.
             The game lasted 00:00:21 (170 turns).

vurker the Skirmisher (Minotaur Delver)              Turns: 170, Time: 00:00:22

Health: -3/33      AC:  3    Str: 17    XL:     3   Next: 7%
Magic:  2/2        EV: 12    Int:  7    God:
Gold:   17         SH:  0    Dex: 11    Spells: 2/2 levels left

rFire    . . .     SeeInvis .   a - +0 hand axe
rCold    . . .     Faith    .   (no shield)
rNeg     . . .     Spirit   .   b - +0 leather armour
rPois    .         Reflect  .   (helmet restricted)
rElec    .         Harm     .   (no cloak)
rCorr    .                      (no gloves)
MR       .....                  (no boots)
Stlth    ++........             (no amulet)
HPRegen  0.11/turn              (no ring)
MPRegen  0.08/turn              (no ring)

@: no status effects
A: retaliatory headbutt, horns 2
a: no special abilities


You were on level 6 of the Dungeon.
You visited 1 branch of the dungeon, and saw 2 of its levels.

You collected 17 gold pieces.

Inventory:

Hand Weapons
 a - a +0 hand axe (weapon)
Missiles
 g - a throwing net (quivered)
Armour
 b - a +0 leather armour (worn)
 h - the +3 leather armour of Purpose {Str+3 Dex+7, unknown}
   (You found it on level 5 of the Dungeon)

   It affects your strength (+3).
   It affects your dexterity (+7).
Wands
 v - a wand of digging (3)
Scrolls
 c - a scroll of fog
 d - a scroll of magic mapping
 e - a scroll of fear
Potions
 f - a potion of haste


   Skills:
 + Level 4.2 Fighting
 * Level 3.8 Axes
 - Level 2.1 Dodging
 - Level 4.1 Stealth


You had 2 spell levels left.
You didn't know any spells.
Your spell library was empty.

Dungeon Overview and Level Annotations

Branches:
Dungeon (6/15)
 Temple: D:4-7

Altars:


Innate Abilities, Weirdness & Mutations

You reflexively headbutt those who attack you in melee.
You have a pair of horns on your head.


Message History

There is a stone staircase leading up here.
Found 17 gold pieces.
You hit the worker ant zombie.
The worker ant zombie barely misses you.
You hit the worker ant zombie but do no damage.
Your headbutt misses the worker ant zombie.
The worker ant zombie bites you but does no damage.
You hit the worker ant zombie.
The worker ant zombie barely misses you.
You barely miss the worker ant zombie.
Your headbutt misses the worker ant zombie.
The worker ant zombie bites you but does no damage.
You hit the worker ant zombie. You headbutt the worker ant zombie!
The worker ant zombie barely misses you.
You hit the worker ant zombie.
You destroy the worker ant zombie!
Your Fighting skill increases to level 4!
An adder comes into view.
The adder hisses angrily.
Found 12 poisoned darts.
The adder barely misses you.
You slash the adder! The adder closely misses you. You furiously retaliate!
You headbutt the adder, but do no damage.
The adder barely misses you.
You hit the adder.
You kill the adder!
You have reached level 3!
Your experience leads to an increase in your attributes!
Increase (S)trength, (I)ntelligence, or (D)exterity?
You feel stronger.
Found a stone staircase leading down.
You now have 17 gold pieces. 2 orcs, an orc warrior and an orc wizard come into view.
The orc warrior shouts!
The orc wizard shouts!
The orc shouts!
There are monsters nearby!
An orc comes into view. It is wielding a -2 mace.
The orc shouts!
You slash the orc!
You kill the orc!
The orc wizard casts a spell.
The orc wizard flickers and vanishes!
Deactivating autopickup; reactivate with Ctrl-A.
You see here a +0 mace.
You hit the orc warrior.
The orc warrior hits you with a +0 glaive!!
Ouch! That really hurt!
* * * LOW HITPOINT WARNING * * *
You hear some strange, mumbled words.
You closely miss the orc warrior. You headbutt the orc warrior.
The orc warrior hits you with a +0 glaive!
You die...

+....+.......
#....#..##.####.#
#<....†....#.#
#.#.....##.#.#
#.#.#...# #o#
#.#.#...# #o#
#.#.#.(.# #{#
#.#.#...##.#o#
#.#.#......#@#
#.#.##..####.#
#.#..........#
#......>######
#########


You could see an orc warrior and 2 orcs.

Vanquished Creatures
  A worker ant zombie (D:6)
  An adder (D:6)
  A shadow imp (D:5)
  An orc (D:6)
  A giant cockroach (D:5)
5 creatures vanquished.

Notes
Turn   | Place    | Note
-------+----------+-------------------------------------------
     0 | D:5      | vurker the Minotaur Delver began the quest for the Orb.
     0 | D:5      | Reached XP level 1. HP: 19/19 MP: 0/0
    13 | D:5      | Got a fine leather armour
    15 | D:5      | Noticed an orc wizard
    20 | D:5      | Noticed an orc priest
    23 | D:5      | Reached XP level 2. HP: 16/27 MP: 1/1
   146 | D:6      | Reached XP level 3. HP: 33/33 MP: 2/2
   165 | D:6      | Noticed an orc warrior
   170 | D:6      | Slain by an orc warrior

Illustrated notes

Levels and vault maps discovered:
D:5:      minmay_octagon_keep, layout_basic, temple_statues,
          wad_floor_pattern_2, serial_bayou_pond_b, minmay_holes
D:6:      layout_basic, serial_glass, glass_columns_a, glass_columns_c,
          item_on_display_a, minmay_strange_pillars, minmay_strange_pillars,
          due_unseen_surprise

Skill      XL: |  1  2 |
---------------+-------+-----
Axes           | 3 |  3.8
Fighting       | 4 |  4.2
Dodging        | |  2.1
Stealth        | |  4.1

Action                   || total
-------------------------++-------
Melee: Hand axe          ||    17
       Headbutt          ||     3
Armor: Leather armour    ||     2
Dodge: Dodged            ||    12

Table legend: (Time is in decaauts)
 A = Elapsed time spent in this place.
 B = Non-inter-level travel time spent in this place.
 C = Inter-level travel time spent in this place.
 D = Time resting spent in this place.
 E = Time spent auto-exploring this place.
 F = Levels seen in this place.
 G = Mean time per level.
                   A        B        C        D        E       F      G
               +--------+--------+--------+--------+--------+-----+--------+
         Total |    172 |    172 |      0 |      0 |    125 |   2 |   86.0 |
       Dungeon |    172 |    172 |      0 |      0 |    125 |   2 |   86.0 |
               +--------+--------+--------+--------+--------+-----+--------+

Top non-repeatable levels by time:
     D:6: 145 daAuts
     D:5: 27 daAuts
